AoeStats
← Moron With A Gun

Black Forest

507634909Analyzed
4v4 RM · 15d ago on Sep 19, 2026· 59m 55s· 8 players
Game mode
Random Map
Map size
Large (8 player)
Population
200
Speed
Normal
Resources
Standard
Victory
Conquest
Starting age
Dark Age
Ending age
Imperial Age
RankedLock teamsTeams togetherTeam positionsShared explorationLock speedFull tech treeHidden civsTurbo modeCheats
Victory
Defeat
🇨🇳 Teutons · China
1163
+10
🇦🇺 Slavs · Australia
1141
+11
🇨🇳 Persians · China
1093
+13
🇺🇸 Chinese · United States
1070
+14
🇨🇦 Huns · Canada
1161
-17
🇵🇹 Burgundians · Portugal
1007
-11
🇲🇽 Bohemians · Mexico
987
-10
🇺🇸 Khmer · United States
962
-10
Moron With A Gun
0:32 Loom
12:28 Feudal Age
13:19 Double-Bit Axe
17:01 Castle Age
20:23 Fishing Lines
21:33 Wheelbarrow
22:21 Bow Saw
27:02 Gillnets
28:10 Hand Cart
28:51 Pikeman
29:23 Crossbowman
31:05 Fletching
31:55 Scale Mail Armor
32:07 Forging
33:05 Thumb Ring
33:03 Gold Mining
37:30 Imperial Age
35:14 Bodkin Arrow
35:21 Padded Archer Armor
35:57 Great Wall
36:26 Masonry
36:05 Horse Collar
35:49 Elite Skirmisher
36:38 Squires
37:26 Iron Casting
36:53 Arson
37:47 Leather Archer Armor
37:38 Heavy Plow
39:17 Chemistry
37:41 Arbalester
39:49 Two-Man Saw
39:13 Bracer
40:38 Ring Archer Armor
39:41 Halberdier
40:54 Chain Mail Armor
41:29 Bombard Tower
45:26 Plate Mail Armor
46:16 Architecture
46:07 Ballistics
47:44 Blast Furnace
49:38 Arrowslits
50:04 Fortified Wall
49:52 Murder Holes
一叶知秋
0:52 Loom
12:09 Feudal Age
16:22 Castle Age
14:32 Double-Bit Axe
15:29 Horse Collar
17:29 Bow Saw
17:13 Gold Mining
17:45 Heavy Plow
24:00 Wheelbarrow
24:27 Fletching
26:07 Hand Cart
31:42 Imperial Age
29:48 Fortified Wall
29:57 Masonry
30:13 Bloodlines
30:49 Forging
31:48 Scale Barding Armor
32:21 Iron Casting
32:40 Ballistics
32:14 Cavalier
33:33 Stone Mining
35:30 Hoardings
34:49 Arrowslits
35:51 Stone Shaft Mining
36:05 Conscription
38:17 Paladin
39:23 Crenellations
39:59 Chain Barding Armor
43:06 Plate Barding Armor
43:32 Blast Furnace
44:23 Town Watch
47:31 Bodkin Arrow
50:59 Chemistry
49:50 Guard Tower
50:06 Siege Engineers
52:20 Bombard Tower
54:38 Keep
islesofurth
0:26 Loom
11:37 Feudal Age
12:41 Double-Bit Axe
13:50 Gold Mining
13:54 Horse Collar
15:02 Fletching
21:46 Castle Age
21:51 Wheelbarrow
22:16 Town Watch
23:19 Bow Saw
29:54 Hand Cart
29:43 Heavy Plow
30:29 Town Patrol
30:39 Pikeman
33:34 Squires
34:58 Scale Mail Armor
35:08 Forging
36:58 Chain Mail Armor
37:18 Iron Casting
39:29 Imperial Age
37:55 Detinets
40:46 Plate Mail Armor
40:18 Druzhina
39:42 Halberdier
41:52 Blast Furnace
43:44 Conscription
43:21 Bodkin Arrow
所以狼
10:45 Feudal Age
14:13 Castle Age
12:17 Double-Bit Axe
12:22 Horse Collar
13:05 Gold Mining
15:11 Bow Saw
20:24 Heavy Plow
27:17 Imperial Age
27:17 Scale Barding Armor
27:23 Forging
29:52 Bloodlines
29:43 Husbandry
29:46 Stone Mining
30:32 Gold Shaft Mining
30:43 Chain Barding Armor
30:58 Iron Casting
31:07 Stone Shaft Mining
30:38 Light Cavalry
32:00 Plate Barding Armor
31:49 Conscription
31:33 Elite War Elephant
33:39 Wheelbarrow
32:49 Loom
32:50 Town Watch
35:17 Hussar
37:00 Blast Furnace
37:25 Fletching
37:35 Padded Archer Armor
47:11 Hand Cart
47:04 Caravan
47:35 Coinage
49:15 Town Patrol
49:15 Bodkin Arrow
49:35 Leather Archer Armor
50:26 Chemistry
49:46 Ballistics
49:22 Murder Holes
49:37 Masonry
54:16 Banking
CHiCo
7:13 Double-Bit Axe
13:27 Feudal Age
15:09 Horse Collar
15:56 Loom
16:20 Arson
20:02 Heavy Plow
23:30 Bow Saw
25:37 Castle Age
25:56 Scale Barding Armor
25:48 Fletching
27:43 Redemption
29:43 Wheelbarrow
30:41 Forging
31:35 Sanctity
37:55 Imperial Age
35:43 Hand Cart
35:27 Pikeman
36:07 Squires
36:21 Town Watch
37:19 Masonry
38:19 Crop Rotation
38:52 Two-Man Saw
38:25 Devotion
38:36 Fervor
39:44 Chemistry
38:41 Murder Holes
39:18 Architecture
40:50 Chain Barding Armor
40:25 Bodkin Arrow
41:06 Iron Casting
40:34 Scale Mail Armor
40:36 Cavalier
41:18 Husbandry
40:44 Light Cavalry
42:21 Paladin
45:37 Plate Barding Armor
48:35 Ballistics
47:39 Elite Skirmisher
49:50 Caravan
51:01 Hussar
53:38 Halberdier
54:38 Chain Mail Armor
55:24 Blast Furnace
54:26 Padded Archer Armor
54:27 Bracer
BIZONADE
11:35 Feudal Age
15:57 Castle Age
14:44 Double-Bit Axe
15:48 Horse Collar
17:57 Loom
19:51 Bow Saw
22:50 Gold Mining
23:37 Stone Mining
25:19 Heavy Plow
26:41 Light Cavalry
27:32 Bloodlines
32:14 Imperial Age
29:30 Town Watch
29:55 Husbandry
30:26 Ballistics
29:58 Fletching
31:13 Murder Holes
31:29 Fortified Wall
33:02 Scale Barding Armor
33:08 Forging
32:55 Hussar
33:33 Bodkin Arrow
34:32 Conscription
34:13 Double Crossbow
35:24 Wheelbarrow
34:50 Town Patrol
36:00 Stone Shaft Mining
36:01 Gold Shaft Mining
36:13 Bracer
36:34 Chain Barding Armor
36:49 Iron Casting
36:15 Padded Archer Armor
36:16 Scale Mail Armor
37:19 Chemistry
37:23 Siege Engineers
37:29 Masonry
37:01 Heavy Scorpion
38:40 Plate Barding Armor
38:59 Hoardings
38:07 Onager
39:29 Caravan
39:55 Hand Cart
47:55 Architecture
47:49 Elite Battle Elephant
56:38 Pikeman
58:22 Halberdier
Bugzy
0:41 Loom
11:52 Feudal Age
17:14 Castle Age
15:32 Double-Bit Axe
18:20 Bow Saw
28:12 Imperial Age
25:37 Fletching
25:48 Padded Archer Armor
27:05 Bodkin Arrow
28:39 Leather Archer Armor
29:05 Bracer
30:04 Bloodlines
29:54 Husbandry
30:30 Conscription
30:13 Heavy Cavalry Archer
31:18 Parthian Tactics
32:32 Chemistry
32:04 Ballistics
32:29 Parthian Tactics
31:50 Capped Ram
33:37 Thumb Ring
35:42 Two-Man Saw
34:23 Horse Collar
34:33 Gold Mining
35:22 Wheelbarrow
37:56 Siege Ram
41:30 Atheism
45:23 Scale Mail Armor
45:33 Forging
47:36 Chain Mail Armor
47:56 Iron Casting
46:49 Pikeman
47:29 Squires
47:40 Halberdier
51:17 Chain Mail Armor
51:38 Iron Casting
Mike Partlow
11:16 Feudal Age
14:55 Castle Age
14:28 Double-Bit Axe
14:31 Horse Collar
22:53 Fishing Lines
23:34 Loom
23:49 Gillnets
24:08 Heavy Plow
24:59 Scale Mail Armor
25:48 Bow Saw
27:06 Wheelbarrow
26:16 Town Watch
32:05 Imperial Age
29:50 Hand Cart
29:39 Town Patrol
31:02 Chemistry
30:44 Ballistics
32:28 Wagenburg Tactics
33:51 Two-Man Saw
33:19 Conscription
34:08 Houfnice
35:34 Elite Hussite Wagon
36:19 Hussite Reforms
39:24 Chain Mail Armor
39:19 Forging
42:26 Iron Casting
42:21 Plate Mail Armor
46:05 Siege Engineers
48:47 Masonry
54:58 Fortified Wall
55:20 Architecture
60:15 Squires
59:36 Pikeman
Connection lost

Rejoining the realm…

Still unreachable

The connection could not be restored.

Session expired

The server has moved on; the page needs a fresh start.